 Dungeon Crawl Stone Soup version 0.21.0-3-g78d12a8 (webtiles) character file.

63 quantumfuzzball the Chopper (level 4, 0/40 HPs)
             Began as a Hill Orc Monk on Jan 9, 2018.
             Shot with an arrow by a centaur (4 damage)
             ... on level 3 of the Dungeon.
             The game lasted 00:03:22 (2184 turns).

quantumfuzzball the Chopper (Hill Orc Monk)         Turns: 2184, Time: 00:03:23

Health: 0/40       AC:  5    Str: 14    XL:     4   Next: 10%
Magic:  4/4        EV: 11    Int: 10    God:
Gold:   72         SH:  0    Dex: 13    Spells: 3/3 levels left

rFire    . . .     SeeInvis .   a - +0 hand axe
rCold    . . .     Gourm    .   (no shield)
rNeg     . . .     Faith    .   h - +0 ring mail
rPois    .         Spirit   .   (no helmet)
rElec    .         Reflect  .   (no cloak)
rCorr    .         Harm     .   (no gloves)
MR       .....                  (no boots)
Stlth    +.........             (no amulet)
HPRegen  0.13/turn              (no ring)
MPRegen  0.09/turn              (no ring)

@: no status effects
A: no striking features
a: no special abilities


You were on level 3 of the Dungeon.
You were not hungry.

You visited 1 branch of the dungeon, and saw 3 of its levels.

You collected 72 gold pieces.

Inventory:

Hand Weapons
 a - a +0 hand axe (weapon)
Armour
 h - a +0 ring mail (worn)
Scrolls
 b - 2 scrolls of enchant armour {unknown}
 d - 2 scrolls of enchant weapon {unknown}
 e - 3 scrolls of identify {unknown}
 i - 2 scrolls of random uselessness {unknown}
 j - 2 scrolls of remove curse {unknown}
 m - 2 scrolls of teleportation {unknown}
 o - a scroll of fear {unknown}
Potions
 f - a potion of berserk rage {unknown}
 k - 2 potions of heal wounds {unknown}
 l - a potion of haste {unknown}
 n - a potion of lignification {unknown}
Comestibles
 c - 3 rations
 g - 3 chunks of flesh


   Skills:
 + Level 4.2 Fighting
 + Level 4.7 Axes
 + Level 2.9 Dodging
 + Level 2.2 Stealth


You had 3 spell levels left.
You didn't know any spells.

Dungeon Overview and Level Annotations

Branches:
Dungeon (3/15)

Altars:
Ru


Message History

The adder skeleton barely misses you.
You hit the adder skeleton but do no damage.
The adder skeleton is almost destroyed.
The adder skeleton closely misses you.
You slash the adder skeleton!
You destroy the adder skeleton!
A centaur comes into view.
Found 8 gold pieces.
You see here a scroll labeled UWEQOV CIMEPOS.
The centaur wields a shortbow.
The centaur shoots an arrow.
The arrow hits you!
Things that are here:
an arrow; a scroll labeled UWEQOV CIMEPOS
j - 2 scrolls labeled UWEQOV CIMEPOS (gained 1)
The centaur shoots an arrow.
The arrow hits you!
The centaur shoots an arrow.
The arrow hits you!
The centaur shoots an arrow.
The arrow hits you!
* * * LOW HITPOINT WARNING * * *
You see here an arrow.
The centaur shoots an arrow.
The arrow hits you.
You die...

##.###. ....PP #. ...#...
........ #. .....###.......# #.
......#.#.....# ##.###
#..........#.##.#.
###...P########............#.#.
#....P.##.........(#....#......
#P.P..).###.@...>............
#..(.#..##..###......#.......
#...###.(.#..## ###........##.#
$..c......#c..## ###.#........#
..........#..## #.._........#
.............### #.#.#.#.#....#
..........##...###
#.....#.#.#... .
........##...).###(...##...##..
........##...#......###....# #.


You could see a centaur.

Vanquished Creatures
  2 adder skeletons (D:3)
  2 dart slugs
  2 leopard geckos (D:1)
  2 ball pythons (D:3)
  6 bats
  2 giant cockroaches (D:1)
  6 hobgoblins
  6 kobolds
  A quokka (D:2)
  11 frilled lizards
  7 goblins
  4 rats
51 creatures vanquished.

Notes
Turn   | Place    | Note
-------+----------+-------------------------------------------
     0 | D:1      | quantumfuzzball the Hill Orc Monk began the quest for the Orb.
     0 | D:1      | Reached XP level 1. HP: 19/19 MP: 1/1
   152 | D:1      | Reached XP level 2. HP: 27/27 MP: 2/2
   619 | D:1      | Reached XP level 3. HP: 21/33 MP: 3/3
  2098 | D:3      | Found a sacrificial altar of Ru.
  2123 | D:3      | Reached XP level 4. HP: 40/40 MP: 4/4
  2172 | D:3      | Noticed a centaur
  2184 | D:3      | Shot with an arrow by a centaur

Skill      XL: |  1  2 |
---------------+-------+-----
Stealth        | 2 |  2.2
Fighting       | 4 |  4.2
Axes           | |  4.7
Dodging        | |  2.9

Action                   |  1- 3 |  4- 6 || total
-------------------------+-------+-------++-------
Melee: Hand axe          |   140 |    10 ||   150
 Stab: Sleeping          |     4 |       ||     4
  Eat: Chunk             |     4 |       ||     4
Armor: Robe              |    13 |       ||    13
       Ring mail         |    29 |       ||    29
Dodge: Dodged            |    97 |     7 ||   104
